AoeStats
← Everest_Эверест

Black Forest

509589409Analyzed
4v4 RM · 4d ago on Sep 27, 2026· 62m 35s· 8 players
Game mode
Random Map
Map size
Large (8 player)
Population
200
Speed
Normal
Resources
Standard
Victory
Conquest
Starting age
Dark Age
Ending age
Imperial Age
RankedLock teamsTeams togetherTeam positionsShared explorationLock speedFull tech treeHidden civsTurbo modeCheats
Victory
Defeat
🇷🇺 Malay · Russia
912
+13
🇭🇷 Khmer · Croatia
906
+14
🇹🇷 Bulgarians · Türkiye
840
+16
🇩🇪 Shu · Germany
828
+17
🇩🇪 Japanese · Germany
945
-19
🇩🇪 Spanish · Germany
929
-18
🇧🇷 Turks · Brazil
765
-12
🇨🇳 Georgians · China
759
-11
Everest_Эверест
0:54 Loom
13:36 Feudal Age
13:02 Man-at-Arms
13:28 Arson
14:33 Double-Bit Axe
18:05 Forging
20:53 Wheelbarrow
21:17 Stone Mining
21:47 Horse Collar
27:03 Castle Age
27:24 Long Swordsman
28:06 Squires
28:27 Caravan
29:42 Bow Saw
30:39 Fletching
31:57 Hand Cart
35:11 Iron Casting
34:25 Treadmill Crane
39:28 Imperial Age
38:37 Husbandry
39:41 Conscription
39:16 Elite Battle Elephant
41:27 Masonry
44:01 Blast Furnace
43:06 Scale Barding Armor
44:56 Gold Mining
45:41 Stone Shaft Mining
45:51 Bodkin Arrow
45:57 Padded Archer Armor
48:18 Ballistics
50:33 Elite Karambit Warrior
50:45 Two-Handed Swordsman
51:43 Bracer
52:03 Town Watch
52:24 Heavy Plow
55:10 Forced Levy
57:25 Town Patrol
59:00 Chemistry
58:06 Siege Engineers
59:47 Gold Shaft Mining
Poexs
2:59 Loom
13:04 Feudal Age
14:15 Double-Bit Axe
15:36 Scale Mail Armor
15:47 Forging
15:37 Gold Mining
15:54 Horse Collar
20:44 Castle Age
22:07 Bow Saw
22:00 Heavy Plow
22:45 Gold Shaft Mining
22:00 Stone Mining
22:32 Chain Mail Armor
22:38 Arson
23:55 Caravan
24:14 Gambesons
31:21 Wheelbarrow
30:32 Town Watch
31:01 Scale Barding Armor
31:31 Iron Casting
33:01 Chain Barding Armor
33:59 Hand Cart
33:37 Stone Mining
37:11 Stirrups
38:14 Stone Shaft Mining
41:13 Imperial Age
40:29 Murder Holes
41:51 Elite Konnik
47:18 Plate Barding Armor
47:43 Blast Furnace
47:15 Conscription
49:37 Squires
48:58 Pikeman
49:49 Halberdier
52:01 Crop Rotation
52:26 Plate Mail Armor
56:27 Ballistics
57:08 Chemistry
56:19 Siege Engineers
56:30 Padded Archer Armor
56:21 Fletching
58:07 Onager
61:51 Siege Onager
sheya1
10:41 Feudal Age
17:05 Castle Age
15:04 Double-Bit Axe
15:41 Horse Collar
15:59 Gold Mining
19:25 Bow Saw
20:09 Loom
20:23 Stone Mining
22:12 Wheelbarrow
21:41 Heavy Plow
23:11 Gold Shaft Mining
24:41 Stone Shaft Mining
25:53 Caravan
26:09 Forging
27:18 Hand Cart
27:43 Husbandry
27:53 Bloodlines
28:47 Scale Barding Armor
30:01 Chain Barding Armor
31:54 Iron Casting
31:37 Tusk Swords
33:03 Town Watch
36:50 Imperial Age
35:03 Town Patrol
35:54 Murder Holes
35:50 Guard Tower
37:07 Elite Ballista Elephant
37:48 Double Crossbow
38:35 Elite Battle Elephant
40:26 Chemistry
51:31 Hoardings
52:07 Blast Furnace
51:42 Plate Barding Armor
51:41 Crop Rotation
VC
0:40 Loom
14:48 Feudal Age
16:57 Fletching
19:38 Double-Bit Axe
20:33 Wheelbarrow
26:55 Castle Age
24:47 Horse Collar
24:58 Gold Mining
24:59 Stone Mining
24:41 Man-at-Arms
28:44 Bodkin Arrow
29:54 Bow Saw
31:10 Fortified Wall
30:58 Treadmill Crane
32:10 Hand Cart
32:20 Heavy Plow
32:25 Guard Tower
33:22 Ballistics
34:03 Masonry
34:36 Coiled Serpent Array
37:28 Gold Shaft Mining
40:20 Imperial Age
38:41 Forging
38:35 Murder Holes
38:56 Squires
39:50 Scale Barding Armor
39:46 Padded Archer Armor
40:23 Caravan
40:54 Scale Mail Armor
41:30 Guilds
42:34 Two-Man Saw
41:49 Pikeman
43:57 Conscription
45:12 Bolt Magazine
45:39 Chain Mail Armor
45:25 Bracer
45:58 Architecture
47:41 Halberdier
49:41 Plate Mail Armor
49:28 Leather Archer Armor
48:57 Elite White Feather Guard
50:13 Hoardings
52:50 Ring Archer Armor
57:41 Chain Barding Armor
58:59 Plate Barding Armor
59:27 Chemistry
58:34 Siege Engineers
58:15 Arrowslits
59:17 Coinage
61:42 Arson
Hank
11:56 Feudal Age
10:13 Loom
12:35 Double-Bit Axe
18:44 Castle Age
18:41 Scale Mail Armor
18:27 Horse Collar
18:42 Gold Mining
21:21 Bow Saw
23:39 Heavy Plow
27:56 Gold Shaft Mining
27:12 Stone Mining
29:39 Chain Mail Armor
31:31 Wheelbarrow
31:35 Treadmill Crane
32:21 Caravan
35:12 Imperial Age
32:29 Loom
32:30 Town Watch
33:37 Hand Cart
33:20 Fletching
34:06 Gambesons
34:22 Squires
34:07 Arson
33:45 Pikeman
34:23 Bodkin Arrow
34:35 Elite Skirmisher
35:18 Padded Archer Armor
35:29 Forging
36:03 Town Patrol
36:40 Leather Archer Armor
36:58 Conscription
36:34 Halberdier
37:46 Plate Mail Armor
39:10 Two-Man Saw
39:57 Iron Casting
39:23 Bracer
39:53 Ring Archer Armor
39:32 Thumb Ring
39:07 Elite Samurai
41:39 Blast Furnace
41:33 Kataparuto
51:26 Ballistics
52:06 Chemistry
50:53 Arrowslits
50:58 Guard Tower
51:19 Fortified Wall
51:04 Murder Holes
51:20 Masonry
51:15 Siege Engineers
Neo
0:34 Loom
13:52 Feudal Age
14:53 Double-Bit Axe
14:50 Horse Collar
22:02 Gold Mining
23:07 Stone Mining
26:11 Castle Age
28:21 Bow Saw
31:45 Imperial Age
30:03 Caravan
31:15 Heavy Plow
32:54 Wheelbarrow
32:04 Town Watch
32:55 Bloodlines
32:46 Husbandry
35:11 Conscription
36:18 Two-Man Saw
36:10 Ballistics
36:56 Chemistry
35:55 Murder Holes
38:03 Cavalier
39:23 Forging
39:14 Scale Mail Armor
39:19 Scale Barding Armor
39:52 Arrowslits
43:41 Paladin
46:23 Chain Barding Armor
46:19 Chain Mail Armor
47:35 Block Printing
57:05 Redemption
KALTON69
0:34 Loom
13:04 Feudal Age
19:54 Castle Age
20:17 Town Watch
21:08 Wheelbarrow
32:09 Double-Bit Axe
34:34 Horse Collar
38:37 Imperial Age
39:28 Hand Cart
39:15 Town Patrol
40:21 Conscription
40:37 Caravan
41:34 Gold Mining
41:35 Stone Mining
43:37 Town Patrol
43:53 Bow Saw
45:27 Artillery
46:43 Two-Man Saw
45:45 Heavy Plow
46:24 Gold Shaft Mining
47:59 Treadmill Crane
53:30 Padded Archer Armor
56:02 Leather Archer Armor
58:25 Elite Janissary
再也不开箱了
10:45 Feudal Age
15:25 Castle Age
14:29 Double-Bit Axe
20:47 Loom
21:38 Wheelbarrow
20:48 Town Watch
21:07 Town Watch
25:04 Horse Collar
29:53 Bloodlines
29:43 Husbandry
32:03 Hand Cart
32:13 Bow Saw
31:59 Gold Mining
36:30 Imperial Age
34:33 Heavy Plow
35:11 Scale Barding Armor
35:17 Forging
35:51 Stone Mining
37:43 Conscription
38:30 Chain Barding Armor
38:47 Iron Casting
38:25 Aznauri Cavalry
40:20 Plate Barding Armor
40:41 Guilds
41:00 Elite Monaspa
42:48 Blast Furnace
44:50 Fletching
48:31 Aznauri Cavalry
50:59 Bodkin Arrow
55:12 Husbandry
55:31 Light Cavalry
Connection lost

Rejoining the realm…

Still unreachable

The connection could not be restored.

Session expired

The server has moved on; the page needs a fresh start.